 Dungeon Crawl Stone Soup version 0.18.1-48-g4cf74bf (webtiles) character file.

410 Joat the Sneak (level 6, -6/30 HPs)
             Began as a Spriggan Enchanter on Aug 29, 2016.
             Was an Initiate of Gozag.
             Killed from afar by an orc wizard (8 damage)
             ... with a magic dart
             ... on level 4 of the Dungeon on Aug 30, 2016.
             The game lasted 00:32:44 (5329 turns).

Joat the Sneak (Spriggan Enchanter)                 Turns: 5329, Time: 00:32:45

Health: -6/30      AC:  3    Str:  7    XL:     6   Next: 58%
Magic:  13/13      EV: 20    Int: 17    God:    Gozag
Gold:   458        SH:  0    Dex: 18    Spells: 3 memorised, 7 levels left

rFire  . . .     SeeInvis +     j - +0 short sword
rCold  . . .     Gourm    .     s - +0 robe (curse)
rNeg   . . .     Faith    .     (shield restricted)
rPois  .         Spirit   .     (helmet restricted)
rElec  .         Dismiss  .     y - +0 cloak (curse)
rCorr  +         Reflect  .     (gloves unavailable)
SustAt .         Harm     .     (boots unavailable)
MR     +....                    (no amulet)
Stlth  ++++......               r - ring of resist corrosion
                                o - +3 ring of strength

@: very quick, somewhat resistant to hostile enchantments, stealthy
A: unfitting armour, see invisible, herbivore 3, speed 3, slow metabolism 2
a: Potion Petition, Call Merchant, Bribe Branch, Renounce Religion


You were on level 4 of the Dungeon.
You worshipped Gozag.
Gozag was noncommittal.
You were full.

You visited 1 branch of the dungeon, and saw 4 of its levels.

You collected 484 gold pieces.
You paid 26 gold pieces to Gozag.

Inventory:

Hand Weapons
 a - a +1 dagger
 e - a +0 dagger
 j - a +0 short sword (weapon)
Missiles
 x - 7 curare-tipped needles
Armour
 b - a +1 robe
 p - a +0 cloak
 s - a cursed +0 robe (worn)
 u - a +0 pair of gloves
 y - a cursed +0 cloak (worn)
Jewellery
 o - a +3 ring of strength (left hand)
 r - a ring of resist corrosion (right hand)
Scrolls
 g - 3 scrolls of teleportation
 n - a scroll of identify {unknown}
 t - a scroll of blinking {unknown}
 v - a scroll of recharging {unknown}
 z - 2 scrolls of enchant weapon {unknown}
 A - a scroll of magic mapping {unknown}
 B - 3 scrolls of remove curse
Potions
 f - a potion of might {unknown}
 h - 3 potions of degeneration {unknown}
 i - a potion of invisibility {unknown}
 k - a potion of magic {unknown}
 l - a potion of lignification {unknown}
 m - a potion of cure mutation {unknown}
 q - a potion of heal wounds {unknown}
 w - a potion of flight {unknown}
Books
 c - a book of Maledictions

   Spells                             Type                      Level
   a - Corona                         Hexes                        1
   b - Ensorcelled Hibernation        Hexes/Ice                    2
   c - Confuse                        Hexes                        3
   d - Tukima's Dance                 Hexes                        3
   e - Dazzling Spray                 Conjuration/Hexes            3
Comestibles
 d - 2 bread rations


   Skills:
 + Level 1.5 Fighting
 + Level 3.1 Short Blades
 + Level 4.6 Dodging
 + Level 6.2 Stealth
 + Level 4.0 Spellcasting
 + Level 5.0 Hexes
 + Level 1.2 Ice Magic


You had 7 spell levels left.
You knew the following spells:

 Your Spells              Type           Power        Failure   Level  Hunger
a - Corona                Hex            ###....      1%          1    None
b - Ensorcelled Hibernat  Hex/Ice        ##....       10%         2    ##.....
c - Confuse               Hex            ###.....     8%          3    ###....


Dungeon Overview and Level Annotations

Branches:
Dungeon (4/15)
 Temple: D:4-7

Altars:
Gozag

Shops:
D:2 *


Innate Abilities, Weirdness & Mutations

You are tiny and cannot use many weapons and most armour.
You have supernaturally acute eyesight.
You are a herbivore.
You cover ground extremely quickly.
You need consume almost no food.


Message History

An orc and an orc wizard come into view.
The orc wizard shouts!
An orc and an orc wizard come into view.
The orc wizard gestures at you while chanting.
The magic dart hits you!
* * * LOW HITPOINT WARNING * * *
The orc wizard mumbles some strange words.
The orc wizard seems to speed up.
There is an open door here.
You barely miss the orc wizard. The orc wizard hits you with a dagger.
* * * LOW HITPOINT WARNING * * *
The orc wizard closely misses you. The orc wizard hits you with a dagger.
* * * LOW HITPOINT WARNING * * *
The orc misses you. The orc misses you.
The orc wizard gestures at you while chanting.
The magic dart hits you!
You die...
Your body crumbles into a pile of gold.

###### #..#......# #....
#....#....#..#......# #....
#....#....#..#......# #....
#....+....#..#......####....
#....#....#..#......#..#....
#....#....#..#).....#..#....
#....#....#o.#...[..#..#....
##'###....#..#...[..#..#....
#....'....#@o#......#..#....
#....#....#..'..W...#..#....
#....#....#..#......#(('....
#....#....#..#......#(.#.>..
#######....#..#......##'#....
#..........#..#..(...........
#..........#..#####'#........
#..........#........#........
#..........#.....o..#........


You could see a phantom, an orc wizard and an orc.

Vanquished Creatures
  A phantom (D:4)
  An ogre (D:4)
  An orc priest (D:4)
  Terence (D:3)
  A hound skeleton (D:4)
  3 gnolls (D:2)
  7 adders
  An ooze (D:1)
  3 dart slugs
  6 giant geckos
  6 orcs (D:4)
  4 giant cockroaches
  7 goblins
  4 hobgoblins
  6 jackals
  3 kobolds
  A quokka (D:3)
  A ball python (D:1)
  6 bats
  4 giant newts
  4 rats
71 creatures vanquished.

Notes
Turn   | Place    | Note
--------------------------------------------------------------
     0 | D:1      | Joat the Spriggan Enchanter began the quest for the Orb.
     0 | D:1      | Reached XP level 1. HP: 9/9 MP: 5/5
   266 | D:1      | Reached XP level 2. HP: 9/13 MP: 6/6
   625 | D:1      | Reached skill level 5 in Stealth
  1013 | D:1      | Reached XP level 3. HP: 16/16 MP: 6/8
  1021 | D:1      | Learned a level 2 spell: Ensorcelled Hibernation
  1221 | D:2      | Found Gozag's Platinum Reserve.
  1288 | D:2      | Found an opulent altar of Gozag.
  1299 | D:2      | Became a worshipper of Gozag Ym Sagoz the Greedy
  1380 | D:2      | Learned a level 3 spell: Confuse
  1467 | D:2      | Found a faded altar to an unknown god.
  1890 | D:2      | Reached XP level 4. HP: 19/21 MP: 7/9
  2999 | D:3      | Noticed Terence
  3000 | D:3      | Reached XP level 5. HP: 22/25 MP: 8/11
  3016 | D:3      | Killed Terence
  3545 | D:4      | Noticed a phantom
  3651 | D:4      | Noticed an ogre
  3700 | D:4      | Killed an ogre
  3700 | D:4      | Reached skill level 1 in Fighting
  3700 | D:4      | Reached skill level 6 in Stealth
  3700 | D:4      | Reached XP level 6. HP: 12/30 MP: 3/12
  4453 | D:4      | Reached skill level 5 in Hexes
  4453 | D:4      | Reached skill level 1 in Ice Magic
  5326 | D:4      | HP: 1/30 [orc wizard/dagger (1)]
  5329 | D:4      | Killed from afar by an orc wizard

Skill      XL: |  1  2  3  4  5  6 |
---------------+-------------------+-----
Stealth        | 5 6 |  6.2
Spellcasting   | 3 4 |  4.0
Hexes          | 4 5 |  5.0
Short Blades   | 2 3 |  3.1
Dodging        | 4 |  4.6
Fighting       | 1 |  1.5
Ice Magic      | 1 |  1.2

Action                   |  1- 3 |  4- 6 || total
-------------------------+-------+-------++-------
Melee: Dagger            |   137 |    90 ||   227
       Short sword       |       |   195 ||   195
 Cast: Corona            |     3 |    74 ||    77
       Ensorcelled Hiber |     3 |    15 ||    18
  Use: Scroll            |     2 |     1 ||     3
 Stab: Sleeping          |    16 |    18 ||    34
       Distracted        |       |     1 ||     1
  Eat: Bread ration      |       |     1 ||     1
       Pizza             |       |     1 ||     1
Armor: Robe              |    20 |    40 ||    60
Dodge: Dodged            |   121 |   217 ||   338
